 Dungeon Crawl Stone Soup version 0.16-a0-3873-g452e4d5 (webtiles) character file.

1355990 HungrySamMD the Shatterer (level 27, -2/421 (471) HPs)
             Began as an Ogre Enchanter on Jan 30, 2015.
             Was the Champion of Makhleb.
             Slain by a naga warrior
             ... wielding a +0 spear
              (8 damage)
             ... on level 16 of a ziggurat on Feb 1, 2015.
             The game lasted 08:52:37 (133900 turns).

HungrySamMD the Shatterer (Ogre Enchanter)        Turns: 133900, Time: 08:52:38

HP:   -2/421 (471)  AC: 42    Str: 28 (30) XL:     27
MP:   39/45         EV: 21    Int: 21 (22) God:    Makhleb [******]
Gold: 12688         SH:  0    Dex: 16 (17) Spells: 19 memorised, 6 levels left

rFire  + . .     SeeInvis .     u - +9 giant spiked club (holy)
rCold  + + .     Clarity  .     S - +7 pearl dragon armour
rNeg   + + .     SustAb   .     (shield restricted)
rPois  .         Gourm    .     Y - +2 hat {MR+}
rElec  +         Spirit   .     T - +5 cloak of the Realm of Zot {rF++ Regen+ Int+2 Stlth-}
rCorr  .         Warding  .     (gloves unavailable)
rMut   .         Stasis   .     (boots unavailable)
MR     +++..                    a - amulet of Pnomn {+Rage rElec rPois- Int+4 Slay+3}
Stlth  ..........               k - ring "Ituirghagg" {rPois+ rC+ rN+}
                                Q - ring "Schenu" {Ice +Fly Int+6}

@: berserking, lethally poisoned, empathic, singing, very slightly contaminated,
regenerating (expiring), very quick, extremely resistant to hostile
enchantments, extremely unstealthy
A: unfitting armour, horns 2, iridescent scales 1, slimy green scales 1, blurry
vision 1, deterioration 1, dopey 1, shaggy fur 1, tough skin 1, no device heal 1
a: Minor Destruction, Lesser Servant of Makhleb, Major Destruction, Greater
Servant of Makhleb, Renounce Religion, Stop Singing, Evoke Berserk Rage, Evoke
Flight
}: 15/15 runes: barnacled, slimy, silver, golden, iron, obsidian, icy, bone,
abyssal, demonic, glowing, magical, fiery, dark, gossamer


You were on level 16 of a ziggurat.
You worshipped Makhleb.
Makhleb was exalted by your worship.
You were full.

You visited 18 branches of the dungeon, and saw 96 of its levels.
You visited Pandemonium 1 time, and saw 22 of its levels.
You visited the Abyss 3 times.
You visited 1 ziggurat, and saw 16 of its levels.
You also visited: Labyrinth, Ice Cave and Wizlab.

You collected 17048 gold pieces.
You spent 3948 gold pieces at shops.

Inventory:

Hand weapons
 s - the +6 dark maul {crush}
   (You found it on level 3 of the Elven Halls)

   It inflicts extra damage upon your enemies.
 u - a +9 giant spiked club of holy wrath (weapon)
Missiles
 N - 74 large rocks (quivered)
Armour
 S - a +7 pearl dragon armour (worn)
 T - the +5 cloak of the Realm of Zot (worn) {rF++ Regen+ Int+2 Stlth-}
   (You acquired it on level 3 of the Realm of Zot)

   It affects your intelligence (+2).
   It greatly protects you from fire.
   It increases your rate of regeneration.
   It makes you less stealthy.
 V - the +0 cloak of Starlight {rElec rC+ EV+4 Stlth-}
   (You found it in a wizard's laboratory)

   It affects your evasion (+4).
   It protects you from cold.
   It insulates you from electricity.
   It makes you less stealthy.
 Y - a +2 hat of magic resistance (worn)
Jewellery
 a - the amulet of Pnomn (around neck) {+Rage rElec rPois- Int+4 Slay+3}
   (You found it on level 3 of the Elven Halls)

   [amulet of rage]

   It affects your intelligence (+4).
   It affects your accuracy and damage with ranged weapons and melee attacks
   (+3).
   It insulates you from electricity.
   It makes you vulnerable to poison.
   It lets you go berserk.
 c - the cursed ring "Keig Usa" {MR+ MP+9 AC+1 Int+3}
   (You took it off a deep elf fighter on level 3 of the Elven Halls)

   [ring of protection]

   It affects your AC (+1).
   It affects your intelligence (+3).
   It affects your resistance to hostile enchantments.
   It affects your magic capacity (+9).
   It has a curse placed upon it.
 f - the ring of Eternal Night {+cTele MR++ Str+3 Int-2}
   (You found it on level 3 of a ziggurat)

   [ring of teleport control]

   It can be evoked for teleport control.
   It affects your strength (+3).
   It affects your intelligence (-2).
   It affects your resistance to hostile enchantments.
 h - the cursed ring "Graurgheo" {Wiz rElec MP+9 Dex+2 SInv Stlth-}
   (You found it on level 3 of the Tomb of the Ancients)

   [ring of wizardry]

   It improves your spell success rate.
   It affects your dexterity (+2).
   It insulates you from electricity.
   It affects your magic capacity (+9).
   It enhances your eyesight.
   It makes you less stealthy.
   It has a curse placed upon it.
 k - the ring "Ituirghagg" (right hand) {rPois+ rC+ rN+}
   (You found it in a labyrinth)

   [ring of poison resistance]

   It protects you from cold.
   It protects you from poison.
   It protects you from negative energy.
 l - an uncursed ring of sustain abilities
 m - the cursed ring of Robustness {AC+8}
   (You found it on level 5 of the Shoals)

   [ring of protection]

   It affects your AC (+8).
   It has a curse placed upon it.
 n - the amulet of Vitality {Regen+ HP+15}
   (You found it on level 7 of Tartarus)

   [amulet of regeneration]

   It affects your health (+15).
   It increases your rate of regeneration.
 o - an uncursed amulet of resist corrosion
 q - the cursed ring "Hinaqoin" {MP+9 EV+3 Slay+3}
   (You bought it in a shop on level 4 of the Orcish Mines)

   [ring of evasion]

   It affects your evasion (+3).
   It affects your accuracy and damage with ranged weapons and melee attacks
   (+3).
   It affects your magic capacity (+9).
   It has a curse placed upon it.
 t - the cursed ring of Rohob {rElec rF++ MP+9 SInv Stlth-}
   (You found it on level 5 of the Depths)

   [ring of magical power]

   It greatly protects you from fire.
   It insulates you from electricity.
   It affects your magic capacity (+9).
   It enhances your eyesight.
   It makes you less stealthy.
   It has a curse placed upon it.
 y - a ring of the Octopus King {rN+ AC+1 EV+1 Str+1 Int+1 Dex+1}
   (You found it on level 7 of Tartarus)

   [ring of positive energy]

   It affects your AC (+1).
   It affects your evasion (+1).
   It affects your strength (+1).
   It affects your intelligence (+1).
   It affects your dexterity (+1).
   It protects you from negative energy.
 z - the amulet of Arrival {rMut MP+9}
   (You found it on level 6 of a ziggurat)

   [amulet of resist mutation]

   It protects you from mutation.
   It affects your magic capacity (+9).
 J - the cursed ring of Finality {Wiz +Fly rPois+}
   (You took it off a deep elf annihilator on level 3 of the Elven Halls)

   [ring of wizardry]

   It improves your spell success rate.
   It protects you from poison.
   It lets you fly.
   It has a curse placed upon it.
 O - an amulet of Surprise {Gourm rElec MR+ Int+2}
   (You found it on level 7 of the Iron City of Dis)

   [amulet of the gourmand]

   It allows you to eat raw meat even when not hungry.
   It affects your intelligence (+2).
   It insulates you from electricity.
   It affects your resistance to hostile enchantments.
 Q - the ring "Schenu" (left hand) {Ice +Fly Int+6}
   (You took it off an angel in Pandemonium)

   [ring of ice]

   It enhances your ice magic, and weakens your fire magic.
   It affects your intelligence (+6).
   It makes you vulnerable to fire.
   It protects you from cold.
   It lets you fly.
 U - the ring of Juiban {Wiz Str+4 Int+6 Dex-2 Stlth+}
   (You found it on level 7 of the Iron City of Dis)

   [ring of wizardry]

   It improves your spell success rate.
   It affects your strength (+4).
   It affects your intelligence (+6).
   It affects your dexterity (-2).
   It makes you more stealthy.
Magical devices
 w - a wand of teleportation (2)
 D - a wand of disintegration (8)
 G - a wand of digging (12)
 P - a wand of heal wounds (3)
Scrolls
 b - 14 scrolls of identify
 d - 3 scrolls of teleportation
 g - 6 scrolls of fog
 r - a scroll of magic mapping
 x - 12 scrolls of recharging
 C - 33 scrolls of remove curse
 R - 4 scrolls of blinking
 W - 11 scrolls of fear
Potions
 e - 6 potions of agility
 p - 13 potions of haste
 A - 3 potions of berserk rage
 B - 3 potions of invisibility
 E - 2 potions of cure mutation
 F - 2 potions of might
 H - 12 potions of brilliance
 I - a potion of cancellation
 K - 4 potions of flight
 M - a potion of magic
 Z - 8 potions of restore abilities
Miscellaneous
 j - a phantom mirror
 v - a lamp of fire
Comestibles
 i - 29 bread rations


   Skills:
 - Level 25.5 Fighting
   Level 0.5 Short Blades
 - Level 26.5 Maces & Flails
 * Level 21.9 Throwing
 - Level 18.1 Armour
 - Level 20.5 Dodging
 - Level 2.4 Stealth
 - Level 17.5 Spellcasting
 - Level 4.6 Conjurations
 - Level 10.6 Hexes
 - Level 20.5 Charms
 - Level 2.3 Summonings
 - Level 13.6 Necromancy
 - Level 14.2 Translocations
 - Level 8.1 Ice Magic
 - Level 11.9 Air Magic
 - Level 13.1 Earth Magic
 - Level 18.2 Invocations
 - Level 11.0 Evocations


You had 6 spell levels left.
You knew the following spells:

 Your Spells              Type           Power        Failure   Level  Hunger
a - Deflect Missiles      Chrm/Air       ######....   1%          6    ####...
b - Condensation Shield   Ice            ######....   1%          4    None
c - Dazzling Spray        Conj/Hex       ######..     1%          3    None
d - Silence               Hex/Air        ######....   1%          5    ##.....
e - Blink                 Tloc           N/A          1%          2    None
f - Summon Butterflies    Summ           ####....     1%          1    None
g - Corona                Hex            ######.      1%          1    None
h - Flight                Chrm/Air       ######....   1%          3    None
i - Swiftness             Chrm/Air       ######..     0%          2    None
j - Repel Missiles        Chrm/Air       ######       0%          2    None
k - Haste                 Chrm           #######.     1%          6    ####...
l - Apportation           Tloc           ######....   0%          1    None
m - Ensorcelled Hibernat  Hex/Ice        ######       1%          2    None
n - Phase Shift           Tloc           ######....   1%          5    ##.....
o - Shroud of Golubria    Chrm/Tloc      ######....   0%          2    None
p - Regeneration          Chrm/Necr      ######....   0%          3    None
q - Song of Slaying       Chrm           #######.     0%          2    None
r - Stoneskin             Trmt/Erth      #####...     1%          2    None
s - Spectral Weapon       Hex/Chrm       ######..     1%          3    None


Dungeon Overview and Level Annotations

Branches:
Dungeon (15/15)            Temple (1/1) D:6            Lair (8/8) D:10
 Shoals (5/5) Lair:5       Spider (5/5) Lair:3        Slime (6/6) Lair:6
    Orc (4/4) D:9             Elf (3/3) Orc:3        Vaults (5/5) D:13
  Crypt (3/3) Vaults:3       Tomb (3/3) Crypt:3      Depths (5/5) D:15
   Hell (1/1)                 Dis (7/7) Hell            Geh (7/7) Hell
    Coc (7/7) Hell            Tar (7/7) Hell            Zot (5/5) Depths:5

Altars:
Ashenzari
Cheibriados
Dithmenos
Elyvilon
Fedhas
Gozag
Kikubaaqudgha
Makhleb
Nemelex Xobeh
Okawaru
Qazlal
Ru
Sif Muna
Trog
Vehumet
Xom
Yredelemnul
Zin
The Shining One
Jiyva

Shops:
D:4 %*((   D:6 [   D:7 (   D:8 [%   D:14 (   Orc:1 }   Orc:4 =*([   Elf:1 (
Elf:3 }   Shoals:4 }   Vaults:4 *   Vaults:5 ?=}*

Portals:
Hell: Depths:1 Depths:2 Depths:3 Depths:4 Depths:5
Abyss: Depths:4
Pandemonium: Depths:1 Depths:3

Annotations:
Lair:4 exclusion: oklob plant
Lair:6 runed door, exclusion: door
Elf:2 Snorg
Depths:5 exclusion: door
Zot:5 1 exclusion


Innate Abilities, Weirdness & Mutations

You are too large for most types of armour.
You have tough skin (AC +1).
You have a pair of horns on your head.
You are partially covered in iridescent scales (AC +4).
You are partially covered in slimy green scales (AC +2).
Scrolls take you a little longer to read.
Your body is slowly deteriorating.
You are dopey. (Int -2)
You are covered in fur (AC +1).
Potions and wands are less effective at restoring your health.


Message History

You impale the naga warrior!!
The naga warrior is heavily wounded.
Your skin is crawling a little less now.
* * * LOW HITPOINT WARNING * * *
You feel very sick. The guardian serpent hits you.
* * * LOW HITPOINT WARNING * * *
The greater naga points at you and mumbles some strange words.
The bolt of poison misses the guardian serpent.
The bolt of poison misses you. The black mamba completely misses you.
Unknown command.
The naga warrior blocks your attack.
You headbutt the naga warrior!
The naga warrior is heavily wounded.
* * * LOW HITPOINT WARNING * * *
You feel very sick. The greater naga completely misses you.
The guardian serpent completely misses you.
The greater naga hits you but does no damage.
The black mamba barely misses you. The naga warrior hits you with a spear!
You die...

................▓▓
.................▓▓
=[.....###)........▓▓
)=).....#[)(.......∩.▓
∩}:!....(###(........▓▓
▓)?.......(.........▓▓
▓.......N.........▓▓
▓...SNSN........▓▓
▓..)@)........▓▓
▓▓.))).......▓▓
▓▓▓▓▓▓▓▓▓▓▓▓▓


You could see a naga warrior, 2 greater nagas, a guardian serpent and a black
mamba.

Vanquished Creatures
  Antaeus (Coc:7)
  Asmodeus (Geh:7)
  Cerebov (Pan)
  the royal jelly (Slime:6)
  the Serpent of Hell (Coc:7)
  Ereshkigal (Tar:7)
  A seraph (Pan)
  Mnoleg (Pan)
  Dispater (Dis:7)
  Lom Lobon (Pan)
  5 ancient liches
  The ghost of Monkaria the Axe Maniac, a legendary HOFi of Makhleb (Slime:5)
  14 greater mummies
  Boris (twice) (Depths:5 Crypt:2)
  Margery (Crypt:3)
  Norris (Depths:1)
  Saint Roka (Shoals:2)
  2 curse toes (Zot:3)
  20 shard shrikes
  3 Killer Klowns (Pan)
  Mara (Depths:2)
  Mennas (Vaults:4)
  Geryon (Hell)
  12 golden dragons
  Frederick (Vaults:5)
  10 bone dragons
  Arachne (Spider:2)
  4 pandemonium lords (Pan)
  44 large abominations
  Nikola (Depths:1)
  2 electric golems (Zot:4)
  26 tentacled monstrosities
  15 Brimstone Fiends
  14 Hell Sentinels
  15 Ice Fiends
  11 liches
  Asterion (Spider:5)
  20 titans
  11 deep elf blademasters
  36 Shadow Fiends
  8 deep elf master archers
  12 sphinxes
  2 krakens (Shoals:5)
  4 eldritch tentacles
  3 quicksilver dragons
  Polyphemus (Shoals:5)
  15 acid blobs
  A spellforged servitor (Crypt:3)
  16 tentacled starspawn
  15 Executioners
  3 octopode crushers
  Rupert (Spider:4)
  Agnes (Shoals:1)
  5 tengu reavers
  17 storm dragons
  2 thorn hunters
  2 ancient champions
  Frances (Elf:3)
  12 shadow dragons
  17 azure jellies
  Roxanne (Shoals:1)
  7 draconian monks
  Ilsuiw (Shoals:5)
  20 daevas
  4 revenants
  9 greater nagas (Zig:16)
  23 vault wardens
  Wiglaf (Depths:3)
  15 iron dragons
  23 fire giants
  20 frost giants
  Maud (D:15)
  4 orc warlords
  Aizul (Spider:4)
  Louise (Elf:3)
  3 draconian scorchers
  4 ghost moths
  25 angels
  2 draconian knights
  5 curse skulls
  10 deep elf sorcerers
  27 balrugs
  15 emperor scorpions
  6 ghouls (Crypt:3)
  2 draconian zealots
  Gastronok (Orc:1)
  14 cacodemons
  13 ironheart preservers
  Jorgrun (Depths:4)
  6 draconian annihilators
  58 reapers
  17 war gargoyles
  2 draconian shifters (Zot:3)
  10 ophanim
  4 elemental wellsprings (Coc:7)
  22 very ugly things
  6 draconian callers
  2 spriggan defenders
  2 blood saints (Pan)
  3 chaos champions (Pan)
  3 salamander firebrands
  6 bennus
  15 apis (Pan)
  6 lorocyprocas
  5 green draconians
  A vampire knight (Depths:3)
  12 grey draconians
  40 stone giants
  11 dire elephants
  11 black draconians
  8 deep elf annihilators
  Azrael (Elf:3)
  5 deep elf demonologists
  7 mottled draconians
  13 eidola
  15 red draconians
  4 unborn
  2 spectral titans (Tar:3)
  13 white draconians
  7 yellow draconians
  8 purple draconians
  32 vault guards
  9 pale draconians
  A black sun (Pan)
  11 merfolk javelineers
  13 green deaths
  20 yaktaur captains
  The ghost of DEFE the Cleaver, a powerful FoFi of Cheibriados (D:12)
  10 deep elf death magi
  22 blizzard demons
  The ghost of anything the Slicer, a powerful HaAK of Lugonu (Lair:5)
  32 ice devils
  12 ettins
  6 deep elf high priests
  4 minotaurs
  19 mummy priests
  16 death oozes
  10 merfolk impalers
  5 quicksilver dragon zombies
  5 jiangshi
  10 great orbs of eyes
  10 rakshasas
  12 fire dragons
  6 quicksilver dragon skeletons
  2 kraken zombies (Hell)
  5 death cobs
  Fannar (D:12)
  Harold (Lair:7)
  10 ogre magi
  2 spriggan air magi
  3 naga warriors (Zig:16)
  8 centaur warriors
  Nessos (Orc:3)
  9 merfolk avatars
  30 ice dragons
  4 merfolk aquamancers
  4 ghost crabs
  10 hydras
  Erica (Lair:2)
  7 alligators
  The ghost of DEFE the Carver, an experienced MiFi of Okawaru (D:10)
  5 hell beasts
  3 anacondas (Zig:16)
  2 alligator snapping turtles
  8 deep troll earth magi
  9 deep troll shamans
  5 dancing weapons
  3 satyrs
  3 tengu warriors
  3 vampire magi
  24 death yaks
  6 spriggan berserkers
  34 sun demons
  8 orc high priests
  14 hell hogs
  52 soul eaters
  2 death knights
  4 titan zombies
  A naga sharpshooter (Zig:16)
  A shock serpent (Zig:16)
  7 iron golems
  7 catoblepae
  15 thrashing horrors
  2 fire crabs (shapeshifter) (Vaults:5)
  34 shadow wraiths
  25 iron trolls
  5 storm dragon zombies
  32 hell knights
  2 storm dragon skeletons
  2 fire crabs
  8 wretched stars
  9 titan skeletons
  3 salamander mystics
  144 skeletal warriors
  10 sea snakes
  4 spatial maelstroms
  56 death scarabs
  28 deep trolls
  3 golden dragon zombies
  A spectral ghost moth (Zig:10)
  13 unseen horrors
  32 deep elf knights
  12 anaconda zombies
  9 ball lightnings (Pan)
  A ghost moth zombie (Coc:2)
  6 swamp dragons
  A death drake (shapeshifter) (Vaults:4)
  6 gelid demonspawn (Pan)
  5 giant orange brains
  19 shadow demons
  17 deep elf summoners
  A giant orange brain (shapeshifter) (Depths:3)
  11 cherubim (Pan)
  3 death drakes
  5 ice statues
  4 shadow dragon zombies
  7 wizards
  10 flayed ghosts
  3 putrid demonspawn (Pan)
  4 torturous demonspawn (Pan)
  A shambling mangrove (Zig:7)
  An obsidian statue (WizLab)
  15 hill giants
  4 golden dragon skeletons
  A naga ritualist (Zig:16)
  4 infernal demonspawn (Pan)
  8 lindwurms
  2 anubis guards (shapeshifter)
  6 hornets
  3 wolf spider zombies
  7 anaconda skeletons
  45 harpies
  13 necromancers
  13 ironbrand convokers
  2 mana vipers (WizLab)
  21 anubis guards
  30 wolf spiders
  9 fauns
  8 iron dragon zombies
  29 orb spiders
  83 ugly things
  8 frost giant zombies
  9 orc sorcerers
  A tengu skeleton (Vaults:3)
  7 oklob plants
  12 stone giant zombies
  3 salamanders
  An orb spider (shapeshifter) (Depths:2)
  4 shadow dragon skeletons
  23 phantasmal warriors
  17 deep elf conjurers
  14 orc knights
  A guardian serpent (shapeshifter) (Elf:2)
  36 sixfirhies
  5 water nymphs
  9 fire giant zombies
  16 griffons
  6 shining eyes
  17 vault sentinels
  20 moths of wrath
  7 cyclopes
  4 death scarab zombies (Tomb:3)
  10 manticores
  A black mamba (shapeshifter) (Vaults:2)
  An octopode (shapeshifter) (Depths:1)
  A salamander (shapeshifter) (Vaults:5)
  5 iron dragon skeletons
  6 human skeletons (Vaults:3)
  21 elephants
  7 fire giant skeletons
  5 titan simulacra (Coc:7)
  14 worldbinders
  3 frost giant skeletons
  6 stone giant skeletons
  3 elf zombies
  Joseph (D:8)
  3 apocalypse crabs (Abyss:1)
  3 guardian serpents
  A shock serpent skeleton (Crypt:3)
  2 dire elephant zombies
  6 drowned souls
  19 black mambas
  2 gargoyles
  17 sirens
  29 smoke demons
  6 storm dragon simulacra (Coc:7)
  2 naga magi
  An orange crystal statue (Vaults:3)
  5 eyes of devastation
  27 spiny frogs
  20 orange demons
  5 torpor snails
  67 yaktaurs
  4 molten gargoyles
  28 rust devils
  6 anaconda simulacra (Coc:7)
  3 kobold demonologists
  10 komodo dragons
  4 emperor scorpion zombies
  2 fire drakes (shapeshifter)
  A komodo dragon (shapeshifter) (Depths:2)
  3 dire elephant skeletons
  A purple draconian zombie (Crypt:3)
  20 hellions
  A swamp worm zombie (Crypt:2)
  28 demonic crawlers
  25 tormentors
  9 ancient zymes
  A black draconian zombie (Depths:5)
  2 tengu conjurers
  An elf (shapeshifter) (Abyss:4)
  27 hellwings
  A redback zombie (D:15)
  3 spriggan skeletons
  5 efreet
  15 deep elf priests
  38 guardian mummies
  A grey draconian skeleton (Crypt:2)
  3 harpy zombies
  14 hydra zombies
  3 fire drakes
  A shadow dragon simulacrum (Vaults:3)
  14 trolls
  4 polar bears
  A jumping spider (shapeshifter) (Depths:1)
  5 silent spectres
  A giant leech (Zig:15)
  A minotaur zombie (Coc:7)
  6 wind drakes
  17 red devils
  A death yak skeleton (Depths:1)
  38 jumping spiders
  36 merfolk
  3 harpy skeletons
  3 catoblepas zombies
  Sonja (Spider:1)
  28 freezing wraiths
  35 blue devils
  6 alligator zombies
  18 bog bodies
  Grinder (D:4)
  7 hydra skeletons
  5 wandering mushrooms
  13 ravens
  A trapdoor spider zombie (D:11)
  8 boulder beetles
  4 ettin zombies
  3 fire dragon zombies
  A spriggan zombie (Zig:8)
  14 blink frogs
  4 ice dragon zombies
  22 raiju
  61 slime creatures
  A catoblepas skeleton (Crypt:3)
  18 two-headed ogres
  11 ushabtiu
  A tarantella (shapeshifter) (D:15)
  105 flying skulls
  33 tarantellas
  A deep troll skeleton (Depths:1)
  45 redbacks
  23 trapdoor spiders
  42 shadows
  9 vampires
  A wyvern (D:10)
  8 ettin skeletons
  3 ice dragon skeletons
  10 snapping turtles
  A black mamba zombie (Coc:7)
  A redback (shapeshifter) (Vaults:5)
  3 spriggans
  3 alligator skeletons
  22 wraiths
  An air elemental (Depths:2)
  3 fire dragon skeletons
  A dire elephant simulacrum (Tomb:3)
  4 basilisks
  38 deep elf magi
  A spriggan (shapeshifter) (Vaults:3)
  11 chaos spawn
  25 water elementals
  2 black mamba skeletons
  23 neqoxecs
  Eustachio (D:5)
  19 golden eyes
  18 ynoxinuls
  3 steam dragons
  14 hippogriffs
  47 yaks
  4 fire bats (Abyss:4)
  28 deep elf fighters
  8 vampire mosquitoes
  23 wolves
  11 hungry ghosts
  12 fire elementals
  3 insubstantial wisps
  6 nagas
  10 spatial vortices
  Edmund (D:4)
  A faun zombie (Crypt:1)
  3 human zombies
  31 small abominations
  50 hell hounds
  7 hydra simulacra
  A mottled dragon (Vaults:2)
  10 wargs
  25 water moccasins
  13 porcupines
  6 raven skeletons (Crypt:3)
  54 orc warriors
  9 swamp drakes
  6 eyes of draining
  19 ice beasts
  5 spiny frog zombies
  7 sky beasts
  5 black bears
  51 spiders
  53 ogres
  4 spiny frog skeletons
  A boring beetle (shapeshifter) (Vaults:5)
  2 swamp dragon zombies
  5 wasps
  A manticore zombie (Crypt:3)
  An eye of draining (shapeshifter) (Vaults:2)
  16 centaurs
  4 snapping turtle skeletons
  4 snapping turtle zombies
  11 phantoms
  2 manticore skeletons (Tar:3)
  10 boggarts
  27 necrophages
  2 swamp dragon skeletons (Crypt:3)
  Duvessa (D:4)
  A centaur (shapeshifter) (Depths:3)
  7 boring beetles
  11 brain worms
  14 big kobolds
  17 crocodiles
  2 lost souls (Crypt:3)
  An earth elemental (Abyss:4)
  A vine stalker zombie (Crypt:1)
  15 giant frogs
  A draconian skeleton (Crypt:2)
  A wyvern skeleton (D:11)
  9 scorpions
  2 raiju zombies (Abyss:4)
  A queen bee zombie (Crypt:1)
  66 wights
  A vampire bat (Lair:4)
  8 killer bees
  A raiju skeleton (Crypt:1)
  14 hounds
  2 goliath beetles
  Dowan (D:4)
  2 giant frog zombies
  6 centaur skeletons
  55 starcursed masses
  10 crimson imps
  32 orc priests
  9 jellies
  2 giant frog skeletons
  A human simulacrum (Vaults:3)
  Crazy Yiuf (D:6)
  2 electric eels
  9 quasits
  28 iron imps
  A centaur zombie (Crypt:3)
  8 iguanas
  2 boulder beetle simulacra
  8 hell rats
  A lightning spire (Zig:13)
  A spriggan simulacrum (Abyss:4)
  33 orc wizards
  15 worker ants
  A killer bee zombie (D:6)
  9 sheep
  A naga zombie (Tar:2)
  An ogre zombie (D:6)
  Ijyb (D:6)
  An ogre skeleton (Tar:1)
  3 hound zombies
  47 mummies
  A hound skeleton (D:9)
  2 worker ant zombies
  4 gnolls (D:7)
  33 adders
  94 river rats
  A swamp drake skeleton (Crypt:1)
  21 shadow imps
  9 white imps
  4 giant eyeballs (Pan)
  A giant mite (D:4)
  9 ufetubi
  2 worms
  An adder skeleton (D:6)
  An adder zombie (D:5)
  9 giant geckos
  201 orcs
  2 bat skeletons (D:5)
  21 hobgoblins
  7 jackals
  An ooze (D:3)
  14 quokkas
  A ball python (D:3)
  20 bats
  7 giant cockroaches
  A giant newt (D:1)
  28 goblins
  2 jackal skeletons
  A jackal zombie (D:6)
  28 kobolds
  2 kobold zombies
  4 orc zombies
  A quokka skeleton (D:6)
  24 rats
  22 ballistomycetes
  A crawling corpse (Depths:2)
  3 fungi
  11 plants
  22 starspawn tentacles
  A starspawn tentacle segment (Abyss:4)
  14 tentacles
5776 creatures vanquished.

Vanquished Creatures (collateral kills)
  An angel (Pan)
  A vampire knight (Crypt:2)
  2 eidola
  2 jiangshi (Crypt:2)
  A vampire mage (Crypt:2)
  A soul eater (Crypt:2)
  2 ball lightnings (Pan)
  3 phantasmal warriors
  2 hellwings (Crypt:3)
  3 freezing wraiths
  A moth of wrath zombie (Crypt:2)
  A bog body (Crypt:2)
  A death drake skeleton (Crypt:1)
  An octopode zombie (Crypt:2)
  A hippogriff skeleton (Crypt:2)
  A goliath beetle zombie (Crypt:2)
24 creatures vanquished.

Vanquished Creatures (others)
  2 spectral weapons (Zig:15)
  An Executioner (Pan)
  A shadow dragon (Vaults:5)
  An eldritch tentacle (Pan)
  A fire giant (Geh:7)
  A draconian scorcher (Zot:4)
  A draconian zealot (Zot:3)
  A stone giant (Vaults:5)
  A war gargoyle (Zig:9)
  A merfolk impaler (Crypt:3)
  2 green deaths
  2 hydras
  An alligator (Zig:10)
  An ogre mage (Depths:3)
  A titan zombie (Dis:7)
  A shadow wraith (Vaults:5)
  A wizard (Pan)
  An unseen horror (Tar:7)
  34 ball lightnings (Pan)
  A spriggan druid (Zig:15)
  A cherub (Pan)
  A swamp dragon (Zig:15)
  3 necromancers
  An ugly thing (Depths:3)
  A harpy (Shoals:1)
  A worldbinder (Tar:7)
  2 sixfirhies (Pan)
  A hornet (Zig:10)
  39 drowned souls
  An elephant (Lair:8)
  A smoke demon (Pan)
  A spiny frog (Zig:15)
  3 hellwings (Pan)
  A minotaur zombie (Depths:1)
  A fire drake (Zig:6)
  A giant leech (Zig:10)
  3 fire elementals
  An ushabti (Crypt:3)
  2 trapdoor spiders (Tomb:2)
  An ettin zombie (Hell)
  A flying skull (Geh:5)
  2 water elementals
  A spriggan (Zig:15)
  A wyvern (Zig:6)
  A deep elf mage (Hell)
  2 vampires
  A hippogriff (D:7)
  A golden eye (Slime:5)
  A spatial vortex (Abyss:4)
  2 deep elf fighters
  A human zombie (Abyss:4)
  3 water moccasins
  2 swamp drakes (Zig:10)
  A wasp (Zig:15)
  3 necrophages
  A crocodile (Zig:11)
  11 lost souls
  A raiju zombie (Abyss:4)
  A wight (Geh:7)
  A hell rat (Elf:1)
  3 mummies
  An adder (Zig:11)
  An orc (Vaults:4)
  3 giant spores
  A kobold (D:9)
  A lurking horror (Abyss:2)
  A ballistomycete (D:12)
  2 briar patches (Zig:10)
  28 butterflies
  2221 eldritch tentacle segments
  6 fungi
  10 plants
  24 starspawn tentacles
  324 starspawn tentacle segments
  45 tentacles
  1115 tentacle segments
3946 creatures vanquished.

Grand Total: 9746 creatures vanquished

Notes
Turn   | Place    | Note
--------------------------------------------------------------
     0 | D:1      | HungrySamMD, the Ogre Enchanter, began the quest for the Orb.
     0 | D:1      | Reached XP level 1. HP: 16/16 MP: 3/3
   119 | D:1      | Found an iron altar of Okawaru.
   126 | D:1      | Became a worshipper of Warmaster Okawaru
   151 | D:1      | Reached skill level 1 in Maces & Flails
   492 | D:1      | Reached XP level 2. HP: 24/24 MP: 5/5
  1034 | D:2      | Reached skill level 3 in Maces & Flails
  1035 | D:2      | Reached XP level 3. HP: 24/31 MP: 6/6
  1367 | D:2      | Found an opulent altar of Gozag.
  1407 | D:2      | Found a stormy altar of Qazlal.
  1591 | D:2      | Reached skill level 4 in Maces & Flails
  1722 | D:3      | Reached XP level 4. HP: 28/39 MP: 8/8
  1730 | D:3      | Learned a level 2 spell: Ensorcelled Hibernation
  1734 | D:3      | Learned a level 3 spell: Dazzling Spray
  1996 | D:3      | Reached skill level 5 in Maces & Flails
  2529 | D:3      | Reached XP level 5. HP: 32/45 MP: 9/9
  2732 | D:3      | Reached skill level 6 in Maces & Flails
  3111 | D:4      | Noticed an ogre
  3127 | D:4      | Killed an ogre
  3127 | D:4      | Acquired Okawaru's first power
  3127 | D:4      | Reached skill level 7 in Maces & Flails
  3127 | D:4      | Reached XP level 6. HP: 48/53 MP: 11/11
  3142 | D:4      | Gained mutation: Your body is slowly deteriorating. [potion of mutation]
  3142 | D:4      | Gained mutation: Potions and wands are less effective at restoring your health. [potion of mutation]
  3142 | D:4      | Gained mutation: You can spit poison. [potion of mutation]
  3304 | D:4      | Noticed a phantom
  3315 | D:4      | Noticed Duvessa
  3315 | D:4      | Noticed Dowan
  3331 | D:4      | Killed Duvessa
  3331 | D:4      | Reached skill level 8 in Maces & Flails
  3351 | D:4      | Killed Dowan
  3662 | D:4      | Found Ygehuus' Antique Weapon Shoppe.
  3810 | D:4      | Reached skill level 9 in Maces & Flails
  3810 | D:4      | Reached XP level 7. HP: 25/59 MP: 12/12
  4080 | D:4      | Noticed Grinder
  4082 | D:4      | Paralysed by Grinder for 5 turns
  4095 | D:4      | Paralysed by Grinder for 5 turns
  4115 | D:4      | Killed Grinder
  4115 | D:4      | Reached skill level 10 in Maces & Flails
  4341 | D:4      | Found Pnuaxkoa's Food Boutique.
  4414 | D:4      | Noticed an ogre
  4423 | D:4      | Killed an ogre
  4435 | D:4      | Reached skill level 11 in Maces & Flails
  4435 | D:4      | Reached XP level 8. HP: 67/67 MP: 14/14
  4586 | D:4      | Noticed Edmund
  4667 | D:4      | Found Xiotyt's Weapon Boutique.
  4713 | D:4      | Killed Edmund
  4802 | D:4      | Noticed an ogre
  4805 | D:4      | Killed an ogre
  4839 | D:4      | Found a white marble altar of Elyvilon.
  5005 | D:4      | Found Qeani's Assorted Antiques.
  5009 | D:4      | Bought a scroll labeled PUADDY JUG SKA for 27 gold pieces
  5013 | D:4      | Bought 2 fuming brown potions for 48 gold pieces
  5314 | D:5      | Entered Level 5 of the Dungeon
  5389 | D:5      | Reached skill level 1 in Conjurations
  5504 | D:5      | Reached skill level 1 in Ice Magic
  5604 | D:5      | Reached skill level 12 in Maces & Flails
  6213 | D:6      | Noticed Eustachio
  6213 | D:6      | Noticed Ijyb
  6218 | D:5      | Killed Eustachio
  6218 | D:5      | Reached skill level 1 in Invocations
  6218 | D:5      | Reached XP level 9. HP: 69/74 MP: 18/18
  6231 | D:6      | Killed Ijyb
  6804 | D:6      | Found a staircase to the Ecumenical Temple.
  6823 | D:6      | Found Inuf's Antique Armour Boutique.
  6834 | D:6      | Bought a runed robe for 15 gold pieces
  6834 | D:6      | Bought a runed cloak for 99 gold pieces
  6856 | D:6      | Noticed Crazy Yiuf
  6863 | D:6      | Killed Crazy Yiuf
  7067 | D:7      | Found a sparkling altar of Nemelex Xobeh.
  7837 | D:7      | Found Esirinei's Weapon Shoppe.
  7884 | D:7      | Gained mutation: You are partially covered in thin metallic scales (AC +2). [mutagenic meat]
  7926 | D:7      | Found a glowing golden altar of the Shining One.
  7977 | D:7      | Reached XP level 10. HP: 78/81 MP: 21/21
  8026 | D:7      | Reached skill level 13 in Maces & Flails
  8227 | D:7      | Reached skill level 5 in Spellcasting
  8805 | D:8      | Found Placorgh's Armour Emporium.
  8813 | D:8      | Acquired Okawaru's second power
  9072 | D:8      | Noticed Joseph
  9093 | D:8      | Reached skill level 5 in Invocations
  9377 | D:8      | Found a bloodstained altar of Trog.
  9391 | D:8      | Found Preob's Food Boutique.
  9877 | D:8      | Found a shimmering altar of Xom.
  9877 | D:8      | Found a basalt altar of Yredelemnul.
  9878 | D:8      | Found a shadowy altar of Dithmenos.
 10313 | D:9      | Found a radiant altar of Vehumet.
 10468 | D:9      | Found a staircase to the Orcish Mines.
 10993 | D:9      | Reached XP level 11. HP: 76/88 MP: 25/25
 11041 | D:9      | Found a snail-covered altar of Cheibriados.
 11187 | D:10     | Entered Level 10 of the Dungeon
 11254 | D:10     | Reached skill level 5 in Dodging
 11415 | D:10     | Reached skill level 14 in Maces & Flails
 11416 | D:10     | Received a gift from Okawaru
 11416 | D:10     | Reached skill level 1 in Fighting
 11692 | D:10     | Found a staircase to the Lair.
 11705 | D:10     | Noticed a hill giant
 11714 | D:10     | Killed a hill giant
 11787 | D:10     | Noticed DEFE's ghost (experienced MiFi)
 12256 | D:10     | Killed DEFE's ghost
 12524 | D:11     | Noticed a hill giant
 12532 | D:11     | Killed a hill giant
 12778 | D:11     | Noticed a hill giant
 12792 | D:11     | Killed a hill giant
 13129 | D:11     | Gained mutation: You occasionally shout uncontrollably at your foes. [mutagenic meat]
 13392 | D:11     | Reached skill level 5 in Fighting
 13526 | D:11     | Reached XP level 12. HP: 90/111 MP: 27/27
 13718 | D:11     | Noticed a hill giant
 13728 | D:11     | Killed a hill giant
 13728 | D:11     | Reached skill level 15 in Maces & Flails
 14183 | D:12     | Noticed DEFE's ghost (powerful FoFi)
 14208 | D:12     | Killed DEFE's ghost
 14519 | D:12     | Gained mutation: You are mostly covered in thin metallic scales (AC +3). [mutagenic meat]
 14520 | D:12     | Gained mutation: You expend magic power (3 MP) to slightly strengthen your wands. [mutagenic meat]
 14546 | D:12     | Received a gift from Okawaru
 14721 | D:12     | Got a steaming graven amulet
 14722 | D:12     | Identified the amulet "Hoic" {+Rage Str+2} (You found it on level 12 of the Dungeon)
 14782 | D:12     | Lost mutation: Your body is slowly deteriorating. [mutagenic meat]
 15124 | D:12     | Noticed Fannar
 15140 | D:12     | Killed Fannar
 15140 | D:12     | Reached skill level 5 in Hexes
 16124 | Lair:1   | Entered Level 1 of the Lair of Beasts
 16266 | Lair:1   | Found a frozen archway.
 16321 | Lair:1   | Noticed a seven-headed hydra
 16329 | Lair:1   | Killed a seven-headed hydra
 16363 | IceCv    | Entered an ice cave
 16831 | Lair:1   | Learned a level 5 spell: Silence
 16882 | Lair:1   | Reached skill level 16 in Maces & Flails
 16904 | Lair:1   | Reached XP level 13. HP: 96/131 MP: 28/28
 17395 | Lair:2   | Noticed Erica
 17416 | Lair:2   | Killed Erica
 17420 | Lair:2   | Reached skill level 10 in Fighting
 17974 | Lair:2   | Received a gift from Okawaru
 17980 | Lair:2   | Got a brightly glowing great mace {god gift}
 17981 | Lair:2   | Identified the +7 great mace "Impbane" {flame, rElec Str-2 Stlth+} (Okawaru gifted it to you on level 2 of the Lair of Beasts)
 19164 | Lair:3   | Found a hole to the Spider Nest.
 19184 | Lair:3   | Lost mutation: You expend magic power (3 MP) to slightly strengthen your wands. [potion of cure mutation]
 19184 | Lair:3   | Lost mutation: You can spit poison. [potion of cure mutation]
 19184 | Lair:3   | Lost mutation: You occasionally shout uncontrollably at your foes. [potion of cure mutation]
 19184 | Lair:3   | Lost mutation: You are mostly covered in thin metallic scales (AC +3). [potion of cure mutation]
 19185 | Lair:3   | Gained mutation: You are partially covered in slimy green scales (AC +2). [potion of beneficial mutation]
 19952 | Lair:4   | Learned a level 2 spell: Blink
 20393 | Lair:4   | Received a gift from Okawaru
 20401 | Lair:4   | Got a faintly humming animal skin {god gift}
 20414 | Lair:4   | Identified the +2 animal skin of the Blind Marksman {rElec rPois+ rC+ rN+ MR-} (Okawaru gifted it to you on level 4 of the Lair of Beasts)
 20551 | Lair:4   | Reached skill level 17 in Maces & Flails
 21079 | Lair:5   | Noticed anything's ghost (powerful HaAK)
 21113 | Lair:5   | Killed anything's ghost
 22304 | Lair:5   | Found a staircase to the Shoals.
 22320 | Lair:5   | Reached XP level 14. HP: 72/150 MP: 27/29
 23370 | Lair:6   | Reached skill level 18 in Maces & Flails
 23658 | Lair:6   | Found a runed door.
 23659 | Lair:6   | Found a viscous altar of Jiyva.
 23659 | Lair:6   | Noticed an azure jelly
 23666 | Lair:6   | Noticed an azure jelly
 23667 | Lair:6   | Found a staircase to the Slime Pits.
 23667 | Lair:6   | Noticed an azure jelly
 23667 | Lair:6   | Noticed an azure jelly
 23945 | Lair:7   | Noticed Harold
 23972 | Lair:7   | Killed Harold
 25141 | Lair:7   | Received a gift from Okawaru
 25437 | Lair:8   | Entered Level 8 of the Lair of Beasts
 25755 | Lair:8   | Reached skill level 19 in Maces & Flails
 26777 | Lair:8   | Reached XP level 15. HP: 117/165 MP: 30/30
 27594 | Lair:8   | Reached skill level 20 in Maces & Flails
 28042 | Lair:8   | Got a crude flail
 28043 | Lair:8   | Identified the +7 flail of Fundamental Breach {drain, rF+} (You found it on level 8 of the Lair of Beasts)
 28524 | Orc:1    | Entered Level 1 of the Orcish Mines
 28524 | Orc:1    | Found Rienesu's Gadget Shop.
 28565 | Orc:1    | Noticed Gastronok
 28613 | Orc:1    | Killed Gastronok
 28613 | Orc:1    | Reached skill level 5 in Ice Magic
 28904 | Orc:1    | Bought a plain deck of changes for 210 gold pieces
 29478 | Orc:3    | Found a staircase to the Elven Halls.
 29812 | Orc:3    | Noticed Nessos
 29830 | Orc:3    | Killed Nessos
 30145 | Orc:4    | Entered Level 4 of the Orcish Mines
 30157 | Orc:4    | Found Riagiulo's Antique Armour Shoppe.
 30290 | Orc:4    | Found Vyre's Jewellery Boutique.
 30344 | Orc:4    | Bought the ring "Hinaqoin" {MP+9 EV+3 Slay+3} for 690 gold pieces
 30346 | Orc:4    | Bought a cursed amulet of inaccuracy for 34 gold pieces
 30346 | Orc:4    | Bought a cursed ring of loudness for 76 gold pieces
 30465 | Orc:4    | Received a gift from Okawaru
 30598 | Orc:4    | Found Alulak's General Store.
 30608 | Orc:4    | Bought a scroll of holy word for 82 gold pieces
 30608 | Orc:4    | Bought a scroll of identify for 22 gold pieces
 30608 | Orc:4    | Bought a scroll of torment for 82 gold pieces
 30917 | Orc:4    | Found Zyddon's Antique Weapon Boutique.
 31019 | Orc:4    | Reached skill level 10 in Dodging
 31073 | Orc:4    | Received a gift from Okawaru
 31608 | Elf:1    | Entered Level 1 of the Elven Halls
 32166 | Elf:1    | You fall through a shaft!
 32195 | Elf:3    | Entered Level 3 of the Elven Halls
 32195 | Elf:3    | Noticed Azrael
 32284 | Elf:2    | Reached skill level 10 in Spellcasting
 32734 | Elf:1    | Paralysed by an orc sorcerer for 5 turns
 33331 | Elf:1    | Reached XP level 16. HP: 116/174 MP: 34/34
 33661 | Elf:1    | Found Griwarphu's Weapon Boutique.
 33860 | Elf:1    | Noticed a Shadow Fiend
 33870 | Elf:1    | Killed a Shadow Fiend
 34077 | Elf:1    | Identified the Compendium of the Entourage
 34080 | Elf:1    | Learned a level 1 spell: Summon Butterflies
 34180 | Elf:1    | Received a gift from Okawaru
 34449 | Elf:1    | Got a silken robe {god gift}
 34460 | Elf:1    | Identified the -3 robe "Gazxyemp" {Dex+2} (Okawaru gifted it to you on level 1 of the Elven Halls)
 34923 | Elf:2    | Noticed Snorg
 35210 | Elf:2    | Found a shimmering altar of Xom.
 35784 | D:13     | Found a gate to the Vaults.
 36492 | D:14     | Found Laimopy's Antique Weapon Emporium.
 36764 | D:14     | Gained mutation: You are dopey. (Int -2) [mutagenic meat]
 36766 | D:14     | Lost mutation: You are dopey. (Int -2) [mutagenic meat]
 36770 | D:14     | Lost mutation: You are partially covered in thin metallic scales (AC +2). [mutagenic meat]
 36771 | D:14     | Gained mutation: You are somewhat resistant to further mutation. [mutagenic meat]
 36772 | D:14     | Gained mutation: You have large cloven feet. [mutagenic meat]
 36939 | D:15     | Entered Level 15 of the Dungeon
 37027 | D:15     | Found a labyrinth entrance.
 37042 | Lab      | Entered a labyrinth
 37161 | Lab      | Reached skill level 1 in Throwing
 37205 | Lab      | Learned a level 2 spell: Repel Missiles
 37209 | Lab      | Learned a level 3 spell: Flight
 37212 | Lab      | Learned a level 2 spell: Swiftness
 37215 | Lab      | Got a bound lead ring
 37216 | Lab      | Identified the ring "Ituirghagg" {rPois+ rC+ rN+} (You found it in a labyrinth)
 37228 | Lab      | Identified a +7 rod of ignition (9/9) (You found it in a labyrinth)
 37248 | D:15     | Learned a level 6 spell: Deflect Missiles
 37262 | D:15     | Learned a level 6 spell: Haste
 37323 | D:15     | Gained mutation: You possess an exceptional clarity of mind. [mutagenic meat]
 37522 | D:15     | Noticed Maud
 37528 | D:15     | Killed Maud
 37579 | D:15     | Reached skill level 5 in Throwing
 37768 | D:15     | Found a staircase to the Depths.
 38228 | Spider:1 | Entered Level 1 of the Spider Nest
 38234 | Spider:1 | Received a gift from Okawaru
 38252 | Spider:1 | Noticed Sonja
 38261 | Spider:1 | Killed Sonja
 39147 | Spider:1 | Reached XP level 17. HP: 109/182 MP: 36/36
 39765 | Spider:1 | Received a gift from Okawaru
 39768 | Spider:1 | Got an encrusted giant spiked club {god gift}
 39769 | Spider:1 | Identified the +3 giant spiked club of Analysis {flame, rF- Dex+8} (Okawaru gifted it to you on level 1 of the Spider Nest)
 40059 | Spider:2 | Reached skill level 15 in Fighting
 40474 | Spider:2 | Noticed Arachne
 40495 | Spider:2 | Killed Arachne
 42201 | Spider:4 | Noticed Rupert
 42226 | Spider:4 | Killed Rupert
 42846 | Spider:4 | Noticed Aizul
 42862 | Spider:4 | Killed Aizul
 42873 | Spider:4 | Received a gift from Okawaru
 42877 | Spider:4 | Got an iridescent great mace {god gift}
 42879 | Spider:4 | Identified the +3 great mace "Seomunuv" {flame, Noisy +Blink +Fly Str+4} (Okawaru gifted it to you on level 4 of the Spider Nest)
 43546 | Spider:5 | Entered Level 5 of the Spider Nest
 43549 | Spider:5 | Learned a level 1 spell: Apportation
 43580 | Spider:5 | Noticed Asterion
 45198 | Spider:5 | Killed Asterion
 45386 | Spider:5 | Received a gift from Okawaru
 45398 | Spider:5 | Gained mutation: You are partially covered in iridescent scales (AC +4). [potion of mutation]
 45578 | Spider:5 | Reached XP level 18. HP: 137/200 MP: 36/36
 46045 | Spider:5 | Reached XP level 19. HP: 164/211 MP: 37/37
 46333 | Spider:5 | Gained mutation: Armour fits poorly on your strangely shaped body. [potion of mutation]
 46333 | Spider:5 | Gained mutation: You can spit poison. [potion of mutation]
 46333 | Spider:5 | Lost mutation: You can spit poison. [potion of mutation]
 46448 | Spider:5 | Lost mutation: Armour fits poorly on your strangely shaped body. [mutagenic meat]
 46555 | Spider:5 | Got a gossamer rune of Zot
 46661 | Spider:5 | Received a gift from Okawaru
 46932 | Spider:5 | Learned a level 4 spell: Condensation Shield
 47861 | Shoals:1 | Entered Level 1 of the Shoals
 47895 | Shoals:1 | Reached skill level 21 in Maces & Flails
 48499 | Shoals:1 | Noticed Agnes
 48508 | Shoals:1 | Killed Agnes
 48724 | Shoals:1 | Received a gift from Okawaru
 49136 | Shoals:1 | Noticed Roxanne
 49258 | Shoals:1 | Killed Roxanne
 49531 | Shoals:2 | Noticed Saint Roka
 49549 | Shoals:2 | Killed Saint Roka
 50332 | Shoals:4 | Found Chomeack's Gadget Shoppe.
 51393 | Shoals:3 | Received a gift from Okawaru
 52071 | Shoals:4 | Reached skill level 1 in Charms
 52242 | Shoals:4 | Reached skill level 1 in Air Magic
 52244 | Shoals:4 | Reached XP level 20. HP: 213/226 MP: 37/37
 52328 | Shoals:4 | Reached skill level 1 in Summonings
 52500 | Shoals:5 | Entered Level 5 of the Shoals
 52522 | Shoals:5 | Reached skill level 1 in Translocations
 52561 | Shoals:5 | Received a gift from Okawaru
 54392 | Shoals:5 | Received a gift from Okawaru
 54805 | Shoals:5 | Got a barnacled rune of Zot
 54953 | Shoals:5 | Noticed Polyphemus
 54983 | Shoals:5 | Killed Polyphemus
 55203 | Shoals:5 | Noticed Ilsuiw
 55235 | Shoals:5 | Killed Ilsuiw
 55611 | Shoals:5 | Received a gift from Okawaru
 56800 | Depths:1 | Entered Level 1 of the Depths
 56800 | Depths:1 | Noticed Nikola
 56810 | Depths:1 | Killed Nikola
 57427 | Depths:1 | Reached skill level 22 in Maces & Flails
 57898 | Depths:1 | Learned a level 5 spell: Phase Shift
 58076 | Depths:1 | Found a gateway to Hell.
 58127 | Depths:1 | Found a one-way gate leading to the halls of Pandemonium.
 58171 | Depths:1 | Noticed Norris
 58182 | Depths:1 | Reached skill level 5 in Air Magic
 58184 | Depths:1 | Reached XP level 21. HP: 143/237 MP: 38/38
 58193 | Depths:1 | Killed Norris
 58771 | Depths:1 | Received a gift from Okawaru
 58785 | Depths:1 | Got a faintly glowing robe {god gift}
 58786 | Depths:1 | Identified the -4 robe of Curiosity {rElec rC+ MR-} (Okawaru gifted it to you on level 1 of the Depths)
 59417 | Depths:1 | Reached skill level 5 in Charms
 59441 | Depths:1 | Gained mutation: You can breathe flames. [mutagenic meat]
 59599 | Depths:2 | Noticed Mara
 59606 | Depths:2 | Noticed HungrySamMD's illusion
 59809 | Depths:1 | Lost mutation: You are somewhat resistant to further mutation. [mutagenic meat]
 59810 | Depths:1 | Gained mutation: Your body is slowly deteriorating. [mutagenic meat]
 59941 | Depths:2 | Noticed HungrySamMD's illusion
 59944 | Depths:2 | Killed Mara
 61145 | Depths:2 | Received a gift from Okawaru
 61155 | Depths:2 | Reached skill level 15 in Dodging
 61801 | Depths:2 | Reached XP level 22. HP: 247/247 MP: 38/38
 62106 | Depths:3 | Noticed Wiglaf
 62129 | Depths:3 | HP: 2/247 [yaktaur/bolt[a boggart] (15)]
 62727 | Depths:3 | Killed Wiglaf
 62745 | Depths:3 | Found a magical portal.
 62756 | WizLab   | Entered The Roulette of Golubria
 62986 | WizLab   | Found a corrupted altar of Lugonu.
 63093 | WizLab   | Found a corrupted altar of Lugonu.
 63405 | WizLab   | Got a heavily runed cloak
 63406 | WizLab   | Identified the +2 cloak of Zecak {-Cast rN+ Stlth+} (You found it in a wizard's laboratory)
 63411 | WizLab   | Got a crude cloak
 63412 | WizLab   | Identified the cursed -4 cloak of Ghul {rN+ Str-4 Int+3 Dex+4 SInv} (You found it in a wizard's laboratory)
 64149 | Depths:3 | Paralysed by a great orb of eyes for 6 turns
 64164 | Depths:3 | Received a gift from Okawaru
 64354 | Depths:3 | Gained mutation: You are resistant to electric shocks. [mutagenic meat]
 65101 | Depths:3 | Reached skill level 10 in Throwing
 65409 | Depths:4 | Reached XP level 23. HP: 234/254 MP: 39/39
 65458 | Depths:4 | Noticed Jorgrun
 65466 | Depths:4 | Killed Jorgrun
 66166 | Depths:4 | Received a gift from Okawaru
 66243 | Depths:4 | Received a gift from Okawaru
 66538 | Depths:4 | Received a gift from Okawaru
 66769 | Depths:4 | Found a one-way gate to the infinite horrors of the Abyss.
 66958 | Depths:5 | Entered Level 5 of the Depths
 66997 | Depths:4 | Reached skill level 1 in Armour
 67132 | Depths:5 | Reached skill level 10 in Air Magic
 67806 | Depths:5 | Received a gift from Okawaru
 67970 | Depths:5 | Received a gift from Okawaru
 68096 | Depths:5 | Found a gateway to a ziggurat.
 68103 | Depths:5 | Got a translucent brass ring
 68104 | Depths:5 | Identified the ring of Rohob {rElec rF++ MP+9 SInv Stlth-} (You found it on level 5 of the Depths)
 68192 | Depths:5 | Received a gift from Okawaru
 68490 | Depths:5 | Noticed Boris
 68684 | Depths:5 | Killed Boris
 68684 | Depths:5 | Reached XP level 24. HP: 243/265 MP: 40/40
 68776 | Depths:5 | Reached skill level 10 in Charms
 69391 | Depths:5 | Found a gate to the Realm of Zot.
 70801 | Depths:1 | Received a gift from Okawaru
 71251 | Elf:3    | Found Vapac's Gadget Boutique.
 71380 | Elf:3    | Killed Azrael
 71566 | Elf:3    | Noticed Frances
 71572 | Elf:3    | Killed Frances
 71572 | Elf:3    | Received a gift from Okawaru
 71773 | Elf:3    | Noticed a deep elf master archer
 71925 | Elf:3    | Killed a deep elf master archer
 72277 | Elf:3    | Received a gift from Okawaru
 72386 | Elf:3    | Noticed a deep elf blademaster
 72393 | Elf:3    | Killed a deep elf blademaster
 72491 | Elf:3    | Noticed a deep elf blademaster
 72497 | Elf:3    | Killed a deep elf blademaster
 72505 | Elf:3    | Killed a ghostly deep elf blademaster
 72512 | Elf:3    | Noticed a deep elf blademaster
 72520 | Elf:3    | Killed a deep elf blademaster
 72912 | Elf:3    | Got an ancient lapis lazuli ring
 72929 | Elf:3    | Identified the ring of Finality {Wiz +Fly rPois+} (You took it off a deep elf annihilator on level 3 of the Elven Halls)
 72956 | Elf:3    | Got a bound amber ring
 72963 | Elf:3    | Identified the ring "Keig Usa" {MR+ MP+9 AC+1 Int+3} (You took it off a deep elf fighter on level 3 of the Elven Halls)
 72988 | Elf:3    | Noticed a deep elf master archer
 72997 | Elf:3    | Killed a deep elf master archer
 73224 | Elf:3    | Noticed Louise
 73247 | Elf:3    | Killed Louise
 73300 | Elf:3    | Noticed a deep elf master archer
 73301 | Elf:3    | Noticed a deep elf blademaster
 73302 | Elf:3    | Noticed a deep elf blademaster
 73318 | Elf:3    | Killed a deep elf blademaster
 73323 | Elf:3    | Killed a deep elf blademaster
 73330 | Elf:3    | Killed a deep elf master archer
 73362 | Elf:3    | Got a vibrating diamond amulet
 73364 | Elf:3    | Identified the amulet of Pnomn {+Rage rElec rPois- Int+4 Slay+3} (You found it on level 3 of the Elven Halls)
 73392 | Elf:3    | Learned a level 2 spell: Shroud of Golubria
 73396 | Elf:3    | Learned a level 3 spell: Regeneration
 73885 | Vaults:1 | Entered Level 1 of the Vaults
 74170 | Vaults:1 | Reached XP level 25. HP: 42/275 MP: 41/41
 75083 | Vaults:1 | Identified a scroll of acquirement
 75093 | Vaults:1 | Learned a level 2 spell: Song of Slaying
 75445 | Vaults:1 | Received a gift from Okawaru
 75602 | Vaults:2 | Lost mutation: You possess an exceptional clarity of mind. [helix card]
 75607 | Vaults:2 | Drew Focus: Str increased to 22, Int decreased to 14
 75621 | Vaults:2 | Drew Focus: Str increased to 23, Int decreased to 13
 76066 | Vaults:2 | Reached skill level 5 in Armour
 76323 | Vaults:2 | Received a gift from Okawaru
 77157 | Vaults:3 | Received a gift from Okawaru
 77719 | Vaults:3 | Received a gift from Okawaru
 77728 | Vaults:3 | Reached skill level 1 in Necromancy
 77731 | Vaults:3 | Got an ivory giant spiked club {god gift}
 77732 | Vaults:3 | Identified the +9 giant spiked club of Okawaru's Favour {pain, +Fly rPois+ MR+ Int+3 Dex-5} (Okawaru gifted it to you on level 3 of the Vaults)
 77788 | Vaults:3 | Found a staircase to the Crypt.
 79065 | Vaults:4 | Got a transparent brass amulet
 79066 | Vaults:4 | Identified the amulet "Ikexetoc" {Spirit rElec rC+ rN+ Str-3 Dex-3} (You found it on level 4 of the Vaults)
 79121 | Vaults:4 | Reached skill level 5 in Necromancy
 79239 | Vaults:4 | Received a gift from Okawaru
 79242 | Vaults:4 | Got a jewelled troll leather armour {god gift}
 79243 | Vaults:4 | Identified the +0 troll leather armour "Skeig" {rPois+ rF- rN+ Regen+ Str+3 Int-3} (Okawaru gifted it to you on level 4 of the Vaults)
 79302 | Vaults:4 | Found Yrriepum's General Store.
 79310 | Vaults:4 | Bought a scroll of identify for 32 gold pieces
 79310 | Vaults:4 | Bought a plain deck of wonders for 224 gold pieces
 79310 | Vaults:4 | Bought a wand of disintegration (8) for 192 gold pieces
 79514 | Crypt:1  | Entered Level 1 of the Crypt
 79771 | Crypt:1  | Reached XP level 26. HP: 256/286 MP: 42/42
 80014 | Crypt:1  | Hired Prush the merfolk for 313 gold.
 80022 | Crypt:1  | Drew Focus: Str increased to 24, Int decreased to 12
 81007 | Crypt:2  | Noticed Boris
 81038 | Crypt:2  | Killed Boris
 81298 | Crypt:3  | Entered Level 3 of the Crypt
 81556 | Crypt:3  | Noticed Margery
 81576 | Crypt:3  | Your ally Prush died
 82063 | Crypt:3  | Reached skill level 15 in Spellcasting
 82190 | Crypt:3  | Found a staircase to the Tomb.
 82548 | Crypt:3  | Killed Margery
 83092 | Crypt:3  | Found an ancient bone altar of Kikubaaqudgha.
 83171 | Crypt:3  | Received a gift from Okawaru
 83410 | Crypt:3  | Noticed an ancient lich
 83439 | Crypt:3  | Killed an ancient lich
 83864 | Crypt:3  | Received a gift from Okawaru
 84201 | Vaults:4 | Upgraded the game from 0.16-a0-3841-g2612308 to 0.16-a0-3873-g452e4d5
 85379 | Vaults:2 | Gained mutation: You are robust (+10% HP). [mutagenic meat]
 85382 | Vaults:2 | Lost mutation: You have large cloven feet. [mutagenic meat]
 85383 | Vaults:2 | Gained mutation: You are covered in fur (AC +1). [mutagenic meat]
 85557 | Vaults:5 | Entered Level 5 of the Vaults
 85557 | Vaults:5 | Noticed Mennas
 85592 | Vaults:4 | Killed Mennas
 85786 | Vaults:4 | Received a gift from Okawaru
 86247 | Vaults:4 | Reached XP level 27. HP: 306/323 MP: 43/43
 87552 | Vaults:5 | Received a gift from Okawaru
 87623 | Vaults:5 | Received a gift from Okawaru
 87867 | Vaults:5 | Noticed Frederick
 87879 | Vaults:5 | Killed Frederick
 88049 | Vaults:5 | Found Twaostrie's General Store.
 88057 | Vaults:5 | Found Bueremay's Gadget Boutique.
 88058 | Vaults:5 | Found Enkei's Jewellery Shoppe.
 88058 | Vaults:5 | Noticed an ancient lich
 88076 | Vaults:5 | Killed an ancient lich
 88076 | Vaults:5 | Received a gift from Okawaru
 88210 | Vaults:5 | Noticed an ancient lich
 88226 | Vaults:5 | Killed an ancient lich
 88226 | Vaults:5 | Reached skill level 10 in Armour
 88240 | Vaults:5 | Found Kodadioh's Magic Scroll Boutique.
 88255 | Vaults:5 | Bought a scroll of acquirement for 936 gold pieces
 88255 | Vaults:5 | Bought a scroll of acquirement for 936 gold pieces
 88255 | Vaults:5 | Bought a scroll of blinking for 135 gold pieces
 88255 | Vaults:5 | Bought a scroll of teleportation for 54 gold pieces
 88255 | Vaults:5 | Bought a scroll of teleportation for 54 gold pieces
 88260 | Vaults:5 | Got a twisted cloak
 88271 | Vaults:5 | Identified the +1 cloak of Stridil {+Inv rN+ Regen+ MP+9 Str+4} (You acquired it on level 5 of the Vaults)
 88927 | Vaults:5 | Got a silver rune of Zot
 88930 | Vaults:5 | Identified Roxanne's Disquisition on the Rocks and Moulding
 88934 | Vaults:5 | Learned a level 2 spell: Stoneskin
 89111 | Vaults:5 | Received a gift from Okawaru
 89143 | Vaults:5 | Reached skill level 15 in Charms
 89166 | Vaults:5 | Got a heavily jewelled robe {god gift}
 89167 | Vaults:5 | Identified the +0 robe "Shriosh" {rF- Int+6} (Okawaru gifted it to you on level 5 of the Vaults)
 89404 | Vaults:5 | Gained mutation: You have a pair of small horns on your head. [potion of beneficial mutation]
 90209 | Zot:1    | Entered Level 1 of the Realm of Zot
 90223 | Zot:1    | Found a white marble altar of Elyvilon.
 90243 | Zot:1    | Found a glowing golden altar of the Shining One.
 90251 | Zot:1    | Found a glowing silver altar of Zin.
 91296 | Zot:1    | Received a gift from Okawaru
 91448 | Zot:1    | Paralysed by a Zot trap for 4 turns
 91839 | Zot:2    | Received a gift from Okawaru
 93201 | Zot:3    | Got a jewelled cloak
 93212 | Zot:3    | Identified the +5 cloak of the Realm of Zot {rF++ Regen+ Int+2 Stlth-} (You acquired it on level 3 of the Realm of Zot)
 94128 | Zot:4    | Received a gift from Okawaru
 94809 | Zot:4    | Gained mutation: Your muscles are strong. (Str +2) [potion of beneficial mutation]
 94845 | Zot:4    | Got a warped ivory amulet
 94848 | Zot:4    | Identified the amulet of Schupeuff {Inacc -Tele rF+ Dex+11} (You found it on level 4 of the Realm of Zot)
 94950 | Zot:5    | Entered Level 5 of the Realm of Zot
 96202 | Lair:6   | Killed an azure jelly
 96203 | Lair:6   | Killed an azure jelly
 96205 | Lair:6   | Killed an azure jelly
 96208 | Lair:6   | Killed an azure jelly
 96214 | Slime:1  | Entered Level 1 of the Pits of Slime
 96418 | Slime:3  | Reached skill level 5 in Translocations
 96605 | Slime:5  | Noticed Monkaria's ghost (legendary HOFi)
 96609 | Slime:4  | Lost mutation: Your muscles are strong. (Str +2) [a shining eye]
 96609 | Slime:4  | Gained mutation: You are clumsy. (Dex -2) [a shining eye]
 96618 | Slime:4  | Gained mutation: Your body is deteriorating. [a shining eye]
 96708 | Slime:5  | Killed Monkaria's ghost
 96815 | Slime:6  | Entered Level 6 of the Pits of Slime
 96833 | Slime:6  | Received a gift from Okawaru
 96837 | Slime:6  | Noticed the royal jelly
 97360 | Slime:6  | Found a viscous altar of Jiyva.
 97553 | Slime:6  | Killed the royal jelly
 97639 | Slime:6  | Got a slimy rune of Zot
 97702 | Slime:6  | Identified the Grimoire of Conjuration (You found it on level 6 of the Pits of Slime)
 98396 | Depths:4 | Voluntarily entered the Abyss.
 98606 | Abyss:1  | Found a corrupted altar of Lugonu.
 98637 | Abyss:1  | Found a corrupted altar of Lugonu.
 98949 | Abyss:1  | Received a gift from Okawaru
 99181 | Abyss:1  | Paralysed by you for 7 turns
 99183 | Abyss:1  | Gained mutation: You are dopey. (Int -2) [a neqoxec]
 99202 | Abyss:1  | Reached skill level 10 in Invocations
 99459 | Abyss:1  | Reached skill level 10 in Necromancy
 99461 | Abyss:1  | Paralysed by accursed screaming for 1 turns
 99569 | Abyss:1  | Received a gift from Okawaru
 99716 | Abyss:1  | Found a corrupted altar of Lugonu.
 99730 | Abyss:1  | Noticed an ancient lich
 99741 | Abyss:1  | Killed an ancient lich
 99778 | Abyss:1  | Found a corrupted altar of Lugonu.
 99807 | Abyss:1  | Found a corrupted altar of Lugonu.
100020 | Abyss:4  | Got an abyssal rune of Zot
100162 | Abyss:4  | Reached skill level 10 in Translocations
100887 | Abyss:4  | Gained mutation: Your magical capacity is low (-10% MP). [a neqoxec]
100973 | Abyss:4  | Gained mutation: You have difficulty communicating with the divine. [a neqoxec]
101082 | Abyss:4  | Paralysed by accursed screaming for 2 turns
101091 | Abyss:4  | Paralysed by accursed screaming for 1 turns
101147 | Depths:4 | Escaped the Abyss
101938 | D:8      | Killed Joseph
102791 | Zot:1    | Fell from the grace of Okawaru
102791 | Zot:1    | Became a worshipper of the Shining One
103516 | Tomb:1   | Entered Level 1 of the Tomb of the Ancients
103554 | Tomb:1   | Acquired the Shining One's first power
103641 | Tomb:1   | Acquired the Shining One's second power
103944 | Tomb:1   | Noticed an ancient lich
103949 | Tomb:1   | Killed an ancient lich
104523 | Tomb:2   | Acquired the Shining One's third power
105670 | Tomb:1   | Reached skill level 15 in Invocations
106932 | Tomb:2   | Acquired the Shining One's fourth power
107350 | Tomb:3   | Entered Level 3 of the Tomb of the Ancients
107859 | Tomb:2   | Paralysed by the power of Zot for 2 turns
108129 | Tomb:2   | HP: 9/322 [guardian mummy's death curse (24)]
109355 | Tomb:3   | Got a brightly glowing pewter ring
109362 | Tomb:3   | Got a translucent steel ring
109365 | Tomb:3   | Identified the ring of Disaster {Fire -Tele +Inv Str+3 Dex+3} (You found it on level 3 of the Tomb of the Ancients)
109367 | Tomb:3   | Identified the ring "Graurgheo" {Wiz rElec MP+9 Dex+2 SInv Stlth-} (You found it on level 3 of the Tomb of the Ancients)
109374 | Tomb:3   | Got a heavily runed sapphire amulet
109375 | Tomb:3   | Identified the amulet of Joy {Spirit +Inv Int+4} (You found it on level 3 of the Tomb of the Ancients)
109451 | Tomb:3   | Got a golden rune of Zot
110854 | D:7      | Identified a +9 giant spiked club of holy wrath (a cursed +9 giant spiked club of venom blessed by the Shining One)
110913 | Temple   | Entered the Ecumenical Temple
110970 | Temple   | Fell from the grace of the Shining One
110970 | Temple   | Became a worshipper of Makhleb the Destroyer
111370 | Hell     | Entered the Vestibule of Hell
111370 | Hell     | Noticed Geryon
111389 | Hell     | Killed Geryon
111607 | Hell     | Found a gateway to the decaying netherworld of Tartarus.
111765 | Hell     | Found a gateway to the freezing wastes of Cocytus.
111996 | Depths:1 | Was forgiven by Okawaru
112153 | Hell     | Found a gateway to the Iron City of Dis.
112247 | Hell     | Acquired Makhleb's first power
112267 | Hell     | Found a gateway to the ashen valley of Gehenna.
112351 | Tar:1    | Entered Level 1 of Tartarus
112807 | Tar:1    | Acquired Makhleb's second power
112839 | Tar:1    | Reached skill level 1 in Evocations
113803 | Tar:2    | Acquired Makhleb's third power
114088 | Tar:2    | Gained mutation: Your magical capacity is very low (-20% MP). [mutagenic glow]
114686 | Tar:3    | Acquired Makhleb's fourth power
114797 | Tar:3    | Lost mutation: You are robust (+10% HP). [mutagenic glow]
115192 | Tar:4    | Reached skill level 5 in Evocations
115417 | Tar:4    | Acquired Makhleb's fifth power
115677 | Tar:4    | Reached skill level 15 in Armour
116014 | Tar:7    | Entered Level 7 of Tartarus
116334 | Tar:7    | Identified the Guide on Malediction (You found it on level 7 of Tartarus)
116843 | Tar:7    | Reached skill level 10 in Hexes
116927 | Tar:7    | Reached skill level 23 in Maces & Flails
116932 | Tar:7    | Noticed Ereshkigal
116979 | Tar:7    | Killed Ereshkigal
117017 | Tar:7    | Got a bone rune of Zot
118086 | Tar:7    | Identified the Incunabulum of Fetching Combat Magic
118095 | Tar:7    | Got a transparent lapis lazuli ring
118096 | Tar:7    | Identified the ring "Mnoal" {+Fly rElec Str-2 Int+2 Slay+2 Stlth+} (You found it on level 7 of Tartarus)
118109 | Tar:7    | Got a ring of the Octopus King
118110 | Tar:7    | Identified a ring of the Octopus King {rN+ AC+1 EV+1 Str+1 Int+1 Dex+1} (You found it on level 7 of Tartarus)
118113 | Tar:7    | Identified the Almanac of Transformation
118336 | Geh:1    | Entered Level 1 of Gehenna
118641 | Geh:3    | You fall through a shaft!
118725 | Geh:7    | Entered Level 7 of Gehenna
118887 | Geh:7    | Reached skill level 10 in Evocations
119514 | Geh:7    | Reached skill level 1 in Earth Magic
119721 | Geh:7    | Noticed Asmodeus
119743 | Geh:7    | Killed Asmodeus
119784 | Geh:7    | Got an obsidian rune of Zot
120029 | Hell     | Lost mutation: You are clumsy. (Dex -2) [potion of cure mutation]
120029 | Hell     | Lost mutation: You are resistant to electric shocks. [potion of cure mutation]
120061 | Pan      | Entered Pandemonium
120076 | Pan      | Gained mutation: You are frail (-10% HP). [a neqoxec]
120514 | Pan      | Noticed Gosmin the pandemonium lord
120526 | Pan      | Killed Gosmin the pandemonium lord
120566 | Pan      | Found an exit through the horrors of the Abyss.
120771 | Pan      | Gained mutation: You occasionally shout uncontrollably at your foes. [a neqoxec]
120798 | Pan      | Gained mutation: Scrolls take you a little longer to read. [a neqoxec]
121081 | Pan      | Reached skill level 24 in Maces & Flails
121425 | Pan      | Found a glowing silver altar of Zin.
122070 | Pan      | Lost mutation: Your magical capacity is very low (-20% MP). [potion of cure mutation]
122070 | Pan      | Lost mutation: You can breathe flames. [potion of cure mutation]
122070 | Pan      | Lost mutation: Your body is deteriorating. [potion of cure mutation]
122198 | Pan      | Noticed a seraph
122223 | Pan      | Reached skill level 5 in Earth Magic
122230 | Pan      | Killed a seraph
122287 | Pan      | Got a wavering steel ring
122298 | Pan      | Got a silken robe
122301 | Pan      | Identified the ring "Schenu" {Ice +Fly Int+6} (You took it off an angel in Pandemonium)
122303 | Pan      | Identified the +3 robe of Vugiaps {rF+ Dex+3} (You took it off an angel in Pandemonium)
122310 | Pan      | Found a glowing golden altar of the Shining One.
122319 | Pan      | Got a demonic rune of Zot
122698 | Pan      | Noticed Nolitt the pandemonium lord
122728 | Pan      | Killed Nolitt the pandemonium lord
122994 | Pan      | Noticed Iwnu the pandemonium lord
123020 | Pan      | Killed Iwnu the pandemonium lord
123336 | Pan      | Found an exit through the horrors of the Abyss.
123582 | Pan      | Found an exit through the horrors of the Abyss.
123590 | Pan      | Entered the realm of Cerebov.
123848 | Pan      | HP: 1/244 [Brimstone Fiend/blast of hellfire (46)]
124015 | Pan      | Noticed Cerebov
124055 | Pan      | Killed Cerebov
124073 | Pan      | Got a fiery rune of Zot
124125 | Pan      | Identified the Incunabulum of Stolen Souls
124131 | Pan      | Identified the Tome of Dusty Shape Shifting (You found it in Pandemonium)
124567 | Pan      | Noticed Fygaoshro the pandemonium lord
124584 | Pan      | Killed Fygaoshro the pandemonium lord
124593 | Pan      | Entered the realm of Lom Lobon.
124638 | Pan      | Found an exit through the horrors of the Abyss.
124744 | Pan      | Was forgiven by the Shining One
125147 | Pan      | Noticed Lom Lobon
125721 | Pan      | Killed Lom Lobon
125894 | Pan      | Got a magical rune of Zot
126090 | Pan      | Entered the realm of Gloorx Vloq.
126179 | Pan      | Found an exit through the horrors of the Abyss.
126378 | Pan      | Noticed Gloorx Vloq
126541 | Pan      | Got a dark rune of Zot
126611 | Pan      | Entered the realm of Mnoleg.
126639 | Pan      | Paralysed by a giant eyeball for 2 turns
126717 | Pan      | Found an exit through the horrors of the Abyss.
127007 | Pan      | Paralysed by a giant eyeball for 3 turns
127043 | Pan      | Noticed Mnoleg
127086 | Pan      | Killed Mnoleg
127091 | Pan      | Reached skill level 25 in Maces & Flails
127269 | Pan      | Got a glowing rune of Zot
127400 | Pan      | Paralysed by a giant eyeball for 3 turns
127467 | Pan      | Found an exit through the horrors of the Abyss.
127477 | Pan      | Took an exit into the Abyss.
127477 | Abyss:1  | Escaped into the Abyss
127503 | Abyss:1  | Reached skill level 15 in Throwing
127543 | Depths:1 | Escaped the Abyss
127610 | Dis:1    | Entered Level 1 of the Iron City of Dis
127768 | Dis:7    | Entered Level 7 of the Iron City of Dis
128489 | Dis:7    | Reached skill level 10 in Earth Magic
128514 | Dis:7    | Got a bound copper amulet
128517 | Dis:7    | Identified an amulet of Surprise {Gourm rElec MR+ Int+2} (You found it on level 7 of the Iron City of Dis)
128656 | Dis:7    | Got a wavering tin ring
128659 | Dis:7    | Identified the ring of Juiban {Wiz Str+4 Int+6 Dex-2 Stlth+} (You found it on level 7 of the Iron City of Dis)
129010 | Dis:7    | Noticed Dispater
129036 | Dis:7    | Killed Dispater
129081 | Dis:7    | Got a shimmering great mace
129084 | Dis:7    | Identified the +8 great mace of Execution {venom, Dex+2} (You found it on level 7 of the Iron City of Dis)
129125 | Dis:7    | Got an iron rune of Zot
129251 | Coc:1    | Entered Level 1 of Cocytus
129810 | Coc:7    | Entered Level 7 of Cocytus
129885 | Coc:7    | Noticed the Serpent of Hell
130394 | Coc:7    | Killed the Serpent of Hell
130676 | Coc:7    | Reached skill level 26 in Maces & Flails
131404 | Coc:7    | Noticed Antaeus
131424 | Coc:7    | Killed Antaeus
131435 | Coc:7    | Identified Neahedgh's Collected Works on Evil
131440 | Coc:7    | Got an icy rune of Zot
131755 | Zig:1    | Entered Level 1 of a ziggurat
131791 | Zig:2    | Entered Level 2 of a ziggurat
131878 | Zig:3    | Entered Level 3 of a ziggurat
131906 | Zig:3    | Got a sparkling bone ring
131910 | Zig:3    | Identified the ring of Eternal Night {+cTele MR++ Str+3 Int-2} (You found it on level 3 of a ziggurat)
131913 | Zig:4    | Entered Level 4 of a ziggurat
131967 | Zig:4    | Cast into the Abyss (drawing a card)
132028 | Abyss:1  | Lost mutation: You are frail (-10% HP). [mutagenic meat]
132029 | Abyss:1  | Lost mutation: You occasionally shout uncontrollably at your foes. [mutagenic meat]
132030 | Abyss:1  | Lost mutation: Your magical capacity is low (-10% MP). [mutagenic meat]
132031 | Abyss:1  | Lost mutation: You have difficulty communicating with the divine. [mutagenic meat]
132191 | Zig:4    | Escaped the Abyss
132197 | Zig:5    | Entered Level 5 of a ziggurat
132236 | Zig:5    | Identified the Disquisition on Scorching Combat Magic
132254 | Zig:6    | Entered Level 6 of a ziggurat
132304 | Zig:6    | Got a twitching ruby amulet
132307 | Zig:6    | Identified the amulet of Arrival {rMut MP+9} (You found it on level 6 of a ziggurat)
132320 | Zig:7    | Entered Level 7 of a ziggurat
132380 | Zig:7    | Got a pitted jade ring
132383 | Zig:7    | Identified the ring "Bom Loaq" {rF- MP+9 Str+4 Int+3 SInv} (You found it on level 7 of a ziggurat)
132393 | Zig:8    | Entered Level 8 of a ziggurat
132432 | Zig:8    | Got a fine golden ring
132435 | Zig:8    | Identified the ring "Schaneg" {+/*Tele rPois+} (You found it on level 8 of a ziggurat)
132451 | Zig:9    | Entered Level 9 of a ziggurat
132567 | Zig:10   | Entered Level 10 of a ziggurat
132784 | Zig:11   | Entered Level 11 of a ziggurat
132966 | Zig:12   | Entered Level 12 of a ziggurat
133178 | Zig:12   | Got a warped jade ring
133181 | Zig:12   | Identified the cursed ring "Tuhak" {rPois+ Int-2} (You found it on level 12 of a ziggurat)
133184 | Zig:13   | Entered Level 13 of a ziggurat
133333 | Zig:14   | Entered Level 14 of a ziggurat
133348 | Zig:14   | Paralysed by a hornet for 2 turns
133351 | Zig:14   | Paralysed by a hornet for 2 turns
133506 | Zig:14   | Gained mutation: You have a pair of horns on your head. [potion of beneficial mutation]
133530 | Zig:14   | Learned a level 3 spell: Spectral Weapon
133547 | Zig:14   | Got a fine golden ring
133550 | Zig:14   | Identified the ring of Preuxen {rPois- rN+ Str-3 Dex+5 Slay+4 Stlth+} (You found it on level 14 of a ziggurat)
133557 | Zig:14   | Got a fine cloak
133560 | Zig:14   | Identified the +1 cloak of the Sunfish {+Inv rPois+ rC- MP+9 Int-3} (You found it on level 14 of a ziggurat)
133568 | Zig:15   | Entered Level 15 of a ziggurat
133752 | Zig:15   | Got a vibrating iron ring
133755 | Zig:15   | Identified the ring of Red Wine {Ice rPois- rN+ MR++ Dex-4} (You found it on level 15 of a ziggurat)
133774 | Zig:16   | Entered Level 16 of a ziggurat
133897 | Zig:16   | HP: 16/421 [greater naga/spear (13)]
133900 | Zig:16   | HP: 6/421 [poisoned by a naga ritualist (toxic radiance)]
133900 | Zig:16   | Slain by a naga warrior

Action                   |  1- 3 |  4- 6 |  7- 9 | 10-12 | 13-15 | 16-18 | 19-21 | 22-24 | 25-27 || total
-------------------------+-------+-------+-------+-------+-------+-------+-------+-------+-------++-------
Melee: Mace              |   106 |   185 |    13 |       |       |       |       |       |       ||   304
       Dagger            |    10 |       |       |       |       |       |       |       |       ||    10
       Flail             |       |       |    84 |       |       |       |       |       |       ||    84
       Dire flail        |       |       |   321 |   939 |   101 |       |       |       |       ||  1361
       Great mace        |       |       |       |       |  1320 |   946 |   271 |       |       ||  2537
       Giant spiked club |       |       |       |       |       |       |   989 |  1171 |  9556 || 11716
       Maul              |       |       |       |       |       |       |       |    15 |   649 ||   664
       Eudemon blade     |       |       |       |       |       |       |       |       |     2 ||     2
Throw: Large rock        |       |       |       |       |       |    65 |   157 |   299 |   384 ||   905
 Cast: Ensorcelled Hiber |       |     2 |       |       |       |       |       |       |       ||     2
       Dazzling Spray    |       |       |     5 |     8 |       |       |       |       |       ||    13
       Blink             |       |       |       |       |     1 |       |     1 |     2 |     2 ||     6
       Summon Butterflie |       |       |       |       |       |     1 |       |     1 |     9 ||    11
       Repel Missiles    |       |       |       |       |       |     1 |     6 |     9 |    12 ||    28
       Condensation Shie |       |       |       |       |       |       |     3 |     2 |     7 ||    12
       Apportation       |       |       |       |       |       |       |     1 |       |       ||     1
       Flight            |       |       |       |       |       |       |       |     4 |     6 ||    10
       Silence           |       |       |       |       |       |       |       |     5 |    27 ||    32
       Regeneration      |       |       |       |       |       |       |       |     2 |   271 ||   273
       Shroud of Golubri |       |       |       |       |       |       |       |     1 |     6 ||     7
       Haste             |       |       |       |       |       |       |       |     1 |    91 ||    92
       Song of Slaying   |       |       |       |       |       |       |       |       |    28 ||    28
       Deflect Missiles  |       |       |       |       |       |       |       |       |    38 ||    38
       Phase Shift       |       |       |       |       |       |       |       |       |    25 ||    25
       Stoneskin         |       |       |       |       |       |       |       |       |     9 ||     9
       Spectral Weapon   |       |       |       |       |       |       |       |       |     5 ||     5
Invok: Heroism           |       |       |     3 |    16 |    27 |    12 |    14 |    23 |    26 ||   121
       Finesse           |       |       |       |       |     3 |     5 |     6 |     3 |     5 ||    22
       Cleansing Flame   |       |       |       |       |       |       |       |       |     9 ||     9
       Greater Servant o |       |       |       |       |       |       |       |       |     3 ||     3
 Abil: Spit Poison       |       |       |       |     4 |       |       |       |       |       ||     4
       Evoke Berserk Rag |       |       |       |     4 |     2 |       |       |       |       ||     6
       Breathe Fire      |       |       |       |       |       |       |     1 |       |       ||     1
       Evoke Flight      |       |       |       |       |       |       |       |       |     6 ||     6
Evoke: Wand              |       |       |       |       |    13 |     5 |       |     8 |    32 ||    58
       Deck              |       |       |       |       |     6 |       |       |     7 |    45 ||    58
       Rod               |       |       |       |       |       |     1 |       |       |       ||     1
       Phantom mirror    |       |       |       |       |       |       |       |       |     7 ||     7
       Lamp of fire      |       |       |       |       |       |       |       |       |     3 ||     3
  Use: Scroll            |     6 |     5 |    11 |     8 |    17 |    12 |    17 |    28 |    83 ||   187
       Potion            |       |     2 |     1 |     1 |     2 |     7 |     4 |    15 |    59 ||    91
 Stab: Sleeping          |       |     1 |       |     4 |    18 |    14 |     3 |       |       ||    40
       Distracted        |       |       |       |       |     5 |     3 |       |     3 |     6 ||    17
       Petrified         |       |       |       |       |       |       |       |     1 |     4 ||     5
       Confused          |       |       |       |       |       |       |       |       |     2 ||     2
  Eat: Chunk             |     2 |     7 |    17 |    32 |    18 |    23 |    24 |     7 |    19 ||   149
       Pizza             |       |       |       |     3 |     3 |     2 |       |       |     8 ||    16
       Fruit             |       |       |       |    12 |    20 |     9 |    21 |     3 |    10 ||    75
       Beef jerky        |       |       |       |       |     2 |     4 |     1 |     1 |     6 ||    14
       Royal jelly       |       |       |       |       |     1 |     4 |     1 |       |     3 ||     9
       Bread ration      |       |       |       |       |     1 |       |     3 |     2 |    23 ||    29
       Meat ration       |       |       |       |       |     1 |       |     1 |     6 |    33 ||    41
